cohdb
Replays
Latest Replays
All Replays
Popular Replays
Top Player Replays
Match Explorer
How It Works
Community
CoH3 Stats
Reddit
Sign in to upload your games and track your stats! →
Sign in with Steam
Match 47266525
Unlisted
Match 47266525
Overview
Messages
Build Orders
End
Scout Squad
Construct Weapon Support Center
M1919 Machine Gun Team
Bazooka Squad
Selects Heavy Weapons
M1919 Machine Gun Team
Infantry Support Center
Selects Assault Carriers
Bazooka Squad
Construct Medical Station
Selects M2HB .50cal Heavy Machine Gun
Engineer Squad
Selects Exchangeable Parts
M3 Assault Carrier
M3 Assault Carrier
Construct Barracks
Riflemen Squad
Riflemen Squad
Engineer Squad
M1918 Browning Automatic Rifles
Grenade Package
Riflemen Squad
M3 Assault Carrier
Selects Towed M5 3-inch Anti-tank Gun
Selects Rapid Reposition
Selects Bolstered Team Weapons
Friend Simulator
Corrupted Sun
Cpt. Colter Stevens
Sensei Landa
0
0
Comments
sign in to comment!
No comments posted yet!